 Dungeon Crawl Stone Soup version 0.31-a0-1002-g8e65716e6e (webtiles) character file.

Game seed: 1525424476112545940

27664 Jannitor the Fighter (level 13, -11/109 (114) HPs)
             Began as a Ghoul Delver on Nov 8, 2023.
             Was an Elder of Okawaru.
             Mangled by a sixfirhy (12 damage)
             ... summoned by a kobold demonologist
             ... on level 11 of the Dungeon on Nov 9, 2023.
             The game lasted 00:31:51 (16135 turns).

Jannitor the Fighter (Ghoul Delver)                Turns: 16135, Time: 00:31:52

HP:   -11/109 (114) AC: 16    Str: 19    XL:     13   Next: 33%
MP:   17/17         EV: 10    Int:  5    God:    Okawaru [****..]
Gold: 568           SH: 12    Dex: 18    Spells: 12/12 levels left

rFire   . .          .
                       - Unarmed
rCold   + . .        A - +1 kite shield {AC+3}
rNeg    + + +        Q - +0 chain mail {Will+}
rPois   ∞            j - +1 helmet
rElec   .            R - scarf {+Inv}
rCorr   .            (no gloves)
SInv    .            (no boots)
Will    +....        L - amulet of the acrobat
Stlth   +            w - +6 ring of dexterity
HPRegen 0.00/turn    (no ring)
MPRegen 0.15/turn

%: acrobat
@: inhibited regen, lightly drained
A: claws 1, cold resistance 1, negative energy resistance 3, inhibited
regeneration, torment resistance 2, devour on kill
a: Renounce Religion, Evoke Invisibility, Heroism, Finesse


You were on level 11 of the Dungeon.
You worshipped Okawaru.
Okawaru was greatly pleased with you.
You visited 2 branches of the dungeon, and saw 13 of its levels.
You also visited: Sewer.

You collected 813 gold pieces.
You spent 245 gold pieces at shops.

Inventory:

Missiles
 e - a throwing net
 x - 3 atropa-tipped darts
Armour
 a - a +0 leather armour
 j - a +1 helmet (worn)
 o - a +0 troll leather armour {Pargi}
 y - +0 steam dragon scales
 A - a +1 kite shield of protection (worn)
 K - a +0 cloak
 Q - a +0 chain mail of willpower (worn)
 R - a scarf of invisibility (worn)
Jewellery
 l - an amulet of magic regeneration
 w - a +6 ring of dexterity (left claw)
 C - a ring of wizardry
 D - a ring of ice
 I - a ring of fire
 L - an amulet of the acrobat (around neck)
 O - a ring of magical power
Wands
 c - a wand of charming (14)
 f - a wand of digging (1)
 h - a wand of flame (82)
 J - a wand of mindburst (1)
Scrolls
 b - 2 scrolls of fog
 k - 7 scrolls of teleportation
 n - 2 scrolls of amnesia
 q - 2 scrolls of immolation
 t - 2 scrolls of enchant armour
 u - a scroll of torment {unknown}
 B - a scroll of silence
 E - 2 scrolls of revelation
 F - a scroll of enchant weapon
 G - a scroll of brand weapon
 M - a scroll of vulnerability
 N - a scroll of butterflies
 S - a scroll of identify
Potions
 g - 5 potions of mutation
 i - 3 potions of lignification
 m - a potion of haste
 p - 4 potions of attraction
 r - a potion of ambrosia
 s - 3 potions of curing
 z - a potion of enlightenment
 P - 2 potions of heal wounds


   Skills:
 + Level 10.6 Fighting
 + Level 5.0 Throwing
 + Level 7.9 Armour
 - Level 6.8 Dodging
 - Level 5.9 Stealth
 + Level 6.6 Shields
 + Level 10.1 Unarmed Combat
 + Level 7.7 Invocations
 + Level 8.0 Evocations


You had 12 spell levels left.
You didn't know any spells.
Your spell library contained the following spells:

 Spells                   Type           Power      Damage    Failure   Level
 Magic Dart               Conj           0%         1d3       100%        1
 Ensorcelled Hibernation  Hex/Ice        0%         N/A       100%        2
 Passwall                 Tmut/Erth      0%         N/A       100%        2
 Scorch                   Fire           0%         2d5       100%        2
 Dazzling Flash           Conj/Hex       0%         N/A       100%        3
 Inner Flame              Hex/Fire       0%         N/A       100%        3
 Mephitic Cloud           Conj/Pois/Air  0%         N/A       100%        3
 Swiftness                Air            0%         N/A       100%        3
 Flame Wave               Conj/Fire      0%         2d4       100%        4
 Vhi's Electric Charge    Tloc/Air       0%         N/A       100%        4
 Agony                    Necr           0%         N/A       100%        5
 Arcjolt                  Conj/Air       0%         1d10      100%        5
 Silence                  Hex/Air        0%         N/A       100%        5
 Yara's Violent Unravell  Hex/Tmut       0%         3d3       100%        5
 Plasma Beam              Fire/Air       0%         2x1d10    100%        6
 Enfeeble                 Hex            0%         N/A       100%        7
 Call Imp                 Summ           Unusable   N/A       N/A         2
 Summon Cactus Giant      Summ           Unusable   N/A       N/A         6

Dungeon Overview and Level Annotations

Branches:
Dungeon (12/15)            Temple (1/1) D:6            Lair (0/5) D:11
  Sewer (visited)
    Orc: D:9-12

Altars:
Ashenzari
Cheibriados
Dithmenos
Fedhas
Gozag
Hepliaklqana
Kikubaaqudgha
Makhleb
Nemelex Xobeh
Okawaru
Qazlal
Ru
Sif Muna
Trog
Uskayaw
Vehumet
Wu Jian
Xom
Yredelemnul

Shops:
D:3 ?   D:7 *   D:9 **

Annotations:
D:4 2 transporters, 1 runed translucent door, Crazy Yiuf; ongoing's ghost, amateur FoHu
D:12 1 exclusion


Innate Abilities, Weirdness & Mutations

You are immune to poison.
You have sharp fingernails.
Your flesh is cold resistant. (rC+)
You are immune to negative energy. (rN+++)
You do not regenerate when monsters are visible.
You are immune to unholy pain and torment.
You thrive by killing the living.


Message History

Unknown command.
Unknown command.
Okay, then.
Unknown command.
Unknown command.
Aiming: Dig
Press: ? - help, Shift-Dir - straight line A rock wall, spattered with blood.
The rock shatters into small pieces.
The kobold demonologist looks braver for a moment.
The hellwing hits you!
* * * LOW HITPOINT WARNING * * *
The hellwing hits you but does no damage.
Unknown command.
You cannot coerce anything to answer your summons.
Unknown command.
Unknown command.
Okay, then.
Unknown command.
You feel better.
The hellwing disappears in a puff of smoke!
You block the kobold's attack.
You block the kobold demonologist's attack.
The sixfirhy hits you!
* * * LOW HITPOINT WARNING * * *
The sixfirhy shocks you!
* * * LOW HITPOINT WARNING * * *
Unknown command.
It was a potion of heal wounds.
You feel much better. You block the sixfirhy's attack.
The sixfirhy hits you but does no damage.
The sixfirhy hits you.
* * * LOW HITPOINT WARNING * * *
The sixfirhy shocks you!
* * * LOW HITPOINT WARNING * * *
The kobold demonologist hits you but does no damage.
The kobold closely misses you. The sixfirhy hits you.
* * * LOW HITPOINT WARNING * * *
The sixfirhy shocks you!
You die...

####################.#
..........♣♣#......#.##.
##########.♣#........#.#
..)......+..#..###.##.#
##########.♣# #.#.#.#
.†...[)...♣♣ #K#..#
####|###### #K#.#
...♣.♣....♣♣ #KK)#
≈≈≈~≈~≈≈≈≈.♣# #@#.#
≈≈~≈~≈~≈≈≈≈.# #3..#
≈≈≈~≈[≈≈≈≈.♣# #####
...♣.♣....♣♣ ##########
##♣♣.♣♣###### #.....).>#
...[........# #)######.#
♣♣♣...♣♣♣♣♣.# #.# #.#
♣.♣.♣ ♣.# #.# #.#
♣♣♣...♣♣♣♣♣.#####.# #.#


You could see a kobold demonologist, a sixfirhy (summoned) and 3 kobolds.

Vanquished Creatures
  A stone giant (D:11)
  A fire dragon (D:11)
  12 two-headed ogres
  2 boulder beetles (D:11)
  A centaur warrior (D:9)
  Nergalle (D:11)
  Urug (D:10)
  6 skeletal warriors (D:11)
  2 ugly things (D:11)
  2 manticores
  3 cyclopes (D:11)
  2 gargoyles
  Maurice (D:8)
  An unseen horror (D:12)
  2 kobold demonologists (D:11)
  An efreet (D:11)
  5 trolls
  Prince Ribbit (D:9)
  4 wraiths
  A basilisk (D:11)
  6 yaks (D:11)
  6 shadows
  2 vampire mosquitoes (D:11)
  3 steam dragons (D:6)
  Menkaure (D:4)
  An acid dragon (D:11)
  4 water moccasins
  Pargi (Sewer)
  2 orc warriors (D:11)
  A sky beast (D:8)
  A black bear (D:6)
  6 centaurs
  2 kobold brigands
  3 scorpions (D:4)
  9 wights (D:8)
  12 killer bees
  3 electric eels (D:11)
  7 howler monkeys
  7 orc priests
  2 hounds
  A sleepcap (D:8)
  Jessica (D:2)
  An iguana (D:4)
  8 orc wizards
  Natasha (twice) (D:4)
  Terence (D:3)
  Robin (D:2)
  7 gnolls
  2 river rats (D:6)
  10 adders
  2 white imps
  6 ufetubi
  3 worms
  5 dart slugs
  21 orcs
  8 bats
  7 endoplasms
  5 giant cockroaches
  13 goblins
  4 hobgoblins
  2 quokkas
  3 ball pythons
  3 frilled lizards
  24 kobolds
  10 rats
279 creatures vanquished.

Vanquished Creatures (collateral kills)
  A water moccasin (D:6)
1 creature vanquished.

Grand Total: 280 creatures vanquished

Notes
Turn   | Place    | Note
-------+----------+-------------------------------------------
     0 | D:5      | Jannitor the Ghoul Delver began the quest for the Orb.
     0 | D:5      | Reached XP level 1. HP: 19/19 MP: 0/0
   117 | D:4      | Reached XP level 2. HP: 23/26 MP: 1/1
   288 | D:2      | Noticed Robin
   303 | D:2      | Reached XP level 3. HP: 18/31 MP: 2/2
   425 | D:2      | Killed Robin
   716 | D:3      | Reached XP level 4. HP: 36/40 MP: 3/3
   784 | D:3      | Noticed Terence
   795 | D:3      | Killed Terence
   925 | D:3      | Found Maegonao's Magic Scroll Boutique.
   934 | D:3      | Bought a scroll of identify for 28 gold pieces
  1094 | D:2      | Reached skill level 1 in Evocations
  1142 | D:2      | Reached XP level 5. HP: 37/46 MP: 4/4
  2865 | D:2      | Noticed Jessica
  2867 | D:2      | Killed Jessica
  2868 | D:2      | Reached XP level 6. HP: 53/53 MP: 5/5
  3673 | D:4      | Noticed Menkaure
  3679 | D:4      | Killed Menkaure
  3680 | D:4      | Reached skill level 1 in Armour
  3752 | D:4      | Found a transporter.
  3752 | D:4      | Found a transporter.
  3797 | D:4      | Reached XP level 7. HP: 59/60 MP: 6/6
  3835 | D:4      | Found a runed translucent door.
  3836 | D:4      | Noticed Crazy Yiuf
  4075 | D:4      | Found a hazy altar of Hepliaklqana.
  4085 | D:4      | Reached skill level 5 in Fighting
  4205 | D:4      | Noticed Natasha
  4214 | D:4      | Killed Natasha
  4297 | D:4      | Noticed ongoing's ghost (amateur FoHu)
  4319 | D:4      | Noticed Natasha
  4330 | D:4      | Killed Natasha
  5567 | D:6      | Found a glowing drain.
  5572 | Sewer    | Entered a sewer
  5641 | Sewer    | Noticed Pargi
  5651 | Sewer    | Killed Pargi
  5652 | Sewer    | Reached skill level 5 in Unarmed Combat
  5652 | Sewer    | Reached XP level 8. HP: 66/69 MP: 7/7
  5776 | D:6      | Found a staircase to the Ecumenical Temple.
  5816 | Temple   | Entered the Ecumenical Temple
  5903 | Temple   | Became a worshipper of Warmaster Okawaru
  6353 | D:6      | Reached * piety under Okawaru
  6648 | D:6      | Found a shimmering altar of Xom.
  6729 | D:7      | Found Ea-nāṣir's Fine Metal Goods.
  6733 | D:7      | Bought a runed kite shield for 217 gold pieces
  6738 | D:7      | Upgraded the game from 0.31-a0-1001-g770356a28f to
                  | 0.31-a0-1002-g8e65716e6e
  6847 | D:7      | Reached XP level 9. HP: 53/78 MP: 8/8
  6986 | D:7      | Reached skill level 5 in Dodging
  7117 | D:7      | Reached skill level 1 in Shields
  7888 | D:7      | Identified the +2 falchion of the Ring {distort, rPois
                  | Dex+9}
  8107 | D:7      | Reached ** piety under Okawaru
  8356 | D:8      | Noticed a two-headed ogre
  8401 | D:8      | Reached skill level 1 in Invocations
  8739 | D:8      | Noticed Maurice
  8894 | D:8      | Noticed a two-headed ogre
  8901 | D:8      | Killed a two-headed ogre
  8901 | D:8      | Reached *** piety under Okawaru
  8902 | D:8      | Reached skill level 5 in Evocations
  8902 | D:8      | Reached XP level 10. HP: 86/86 MP: 10/10
  9392 | D:8      | Killed Maurice
  9393 | D:8      | Reached skill level 5 in Armour
  9451 | D:8      | Killed a two-headed ogre
  9451 | D:8      | Reached **** piety under Okawaru
  9544 | D:9      | Noticed a two-headed ogre
  9547 | D:9      | Killed a two-headed ogre
  9658 | D:9      | Found Ychocrufua's Specific Store.
  9659 | D:9      | Noticed Prince Ribbit
  9665 | D:9      | Killed Prince Ribbit
  9671 | D:9      | Found Nepn's General Store.
  9752 | D:9      | Noticed a two-headed ogre
  9759 | D:9      | Killed a two-headed ogre
  9999 | D:9      | Noticed a centaur warrior
 10009 | D:9      | Killed a centaur warrior
 10010 | D:9      | Reached XP level 11. HP: 71/95 MP: 13/13
 10277 | D:10     | Entered Level 10 of the Dungeon
 10377 | D:10     | Found a broken altar of Ashenzari.
 10431 | D:10     | Noticed a two-headed ogre
 10433 | D:10     | Killed a two-headed ogre
 10433 | D:10     | Reached ***** piety under Okawaru
 10435 | D:10     | Noticed Urug
 10441 | D:10     | Killed Urug
 10615 | D:10     | Found a burning altar of Makhleb.
 11310 | D:11     | Noticed a skeletal warrior
 11326 | D:11     | Killed a skeletal warrior
 11327 | D:11     | Reached skill level 1 in Throwing
 11327 | D:11     | Reached skill level 5 in Invocations
 11363 | D:11     | Noticed a skeletal warrior
 11363 | D:11     | Noticed a skeletal warrior
 11363 | D:11     | Noticed a skeletal warrior
 11375 | D:11     | Killed a skeletal warrior
 11660 | D:11     | Noticed a two-headed ogre
 11682 | D:11     | Killed a two-headed ogre
 11736 | D:11     | Received a gift from Okawaru
 11759 | D:11     | Found a staircase to the Lair.
 12033 | D:11     | Killed a skeletal warrior
 12034 | D:11     | Reached skill level 5 in Shields
 12247 | D:11     | Noticed a two-headed ogre
 12257 | D:11     | Killed a two-headed ogre
 12318 | D:11     | Noticed a cyclops
 12318 | D:11     | Noticed a two-headed ogre
 12333 | D:11     | Killed a two-headed ogre
 12334 | D:11     | Reached XP level 12. HP: 75/104 MP: 13/15
 12347 | D:11     | Received a gift from Okawaru
 12367 | D:11     | Noticed a two-headed ogre
 12376 | D:11     | Killed a two-headed ogre
 12561 | D:11     | Noticed Nergalle
 12640 | D:11     | Killed Nergalle
 12905 | D:11     | Noticed a stone giant
 12905 | D:11     | Noticed a boulder beetle
 12906 | D:11     | Identified the +7 short sword of Reinforcement {venom,
                  | Will- Str+4 Dex+2 Stlth+}
 12924 | D:11     | Killed a stone giant
 12933 | D:11     | Killed a boulder beetle
 12953 | D:11     | Noticed a two-headed ogre
 12954 | D:11     | Noticed a two-headed ogre
 12958 | D:11     | Killed a two-headed ogre
 12958 | D:11     | Noticed a boulder beetle
 12960 | D:11     | Reached skill level 10 in Fighting
 12960 | D:11     | Noticed a fire dragon
 12969 | D:11     | Noticed a stone giant
 12970 | D:11     | Noticed a boulder beetle
 12981 | D:11     | Killed a fire dragon
 12981 | D:11     | Received a gift from Okawaru
 13257 | D:11     | Killed a two-headed ogre
 13918 | D:12     | Reached XP level 13. HP: 65/113 MP: 17/17
 15148 | D:11     | Reached skill level 10 in Unarmed Combat
 16109 | D:11     | Reached skill level 5 in Throwing
 16134 | D:11     | HP: 1/109 [sixfirhy[a kobold demonologist] (10)]
 16135 | D:11     | Mangled by a sixfirhy

Illustrated notes

Levels and vault maps discovered:
D:1:      minmay_arrival_cross, layout_basic
D:2:      layout_loops_corners, dreamdust_princess_bridge, uniq_robin,
          uniq_jessica
D:3:      layout_loops_ring, serial_shops, nicolae_shop_waterfront,
          chequers_serial_rivers_micro_d, uniq_terence
D:4:      layout_basic, gammafunk_temple_overflow_pools,
          gammafunk_ghost_gnarly_gnolls, glass_columns_a,
          chequers_decorated_corner, kennysheep_generic_room_14, uniq_natasha,
          uniq_menkaure, uniq_crazy_yiuf_cottage
D:5:      layout_loops_cross, bh_walls_and_bars
D:6:      cheibrodos_steamvent, layout_rooms, lemuel_coloured_pillars_altar,
          minmay_temple_entry_statues_fountains, portal_sewer_entry_e
D:7:      layout_layer_cave, nicolae_ea-nasir_strikes_again,
          minmay_misc_feat_tiny
D:8:      layout_basic, mainiacjoe_overflow_alcove_4, uniq_maurice
D:9:      layout_irregular_city, nicolae_specific_store, uniq_prince_ribbit1
D:10:     layout_loops_ring, mainiacjoe_overflow_cross_hatched,
          mainiacjoe_overflow_catwalk, uniq_urug
D:11:     nzn_winding_woodlands_huge [nzn_winding_woodlands_5x15_lazy_stream,
          nzn_winding_woodlands_5x15_pockets,
          nzn_winding_woodlands_5x15_longhouse,
          nzn_winding_woodlands_5x15_river_crossing,
          nzn_winding_woodlands_5x15_concentric,
          nzn_winding_woodlands_5x15_sidewinder,
          nzn_winding_woodlands_5x15_crooked, nzn_winding_woodlands_5x15_jagged,
          nzn_winding_woodlands_5x15_default,
          nzn_winding_woodlands_5x15_sawtooth,
          nzn_winding_woodlands_center_garden,
          nzn_winding_woodlands_center_pierced_h,
          nzn_winding_woodlands_15x15_boxy_spiral], layout_basic, uniq_nergalle
D:12:     layout_layer_cave, david_orc_4, nicolae_trove_entry_diagonal,
          corexii_checkpoint, grunt_ministairs_2, trog_butcher_becter
Temple:   nicolae_temple_slightly_damp_pantheon

Skill      XL: |  1  2  3  4  5  6  7  8  9 10 11 12 13 |
---------------+----------------------------------------+-----
Dodging        | 2 3 4 5 6 |  6.8
Unarmed Combat | 3 4 5 6 7 8 9 10 | 10.1
Fighting       | 4 5 6 7 8 9 10 | 10.6
Evocations     | 1 2 3 4 5 6 7 8 |  8.0
Armour         | 1 2 3 4 5 6 7 |  7.9
Shields        | 2 4 5 6 |  6.6
Invocations    | 2 4 5 7 |  7.7
Throwing       | 2 4 5 |  5.0
Stealth        | |  5.9

Action                     |  1- 3 |  4- 6 |  7- 9 | 10-12 | 13-15 || total
---------------------------+-------+-------+-------+-------+-------++-------
  Melee: Unarmed           |    66 |   191 |   442 |   432 |   170 ||  1301
         Punch             |       |     4 |     8 |       |       ||    12
  Throw: Javelin           |       |       |       |    11 |       ||    11
 Invoke: Heroism           |       |       |     1 |    15 |     4 ||    20
         Finesse           |       |       |       |     1 |       ||     1
Ability: Evoke Invisibilit |       |       |       |       |     1 ||     1
  Evoke: Wand              |     3 |     3 |    12 |    32 |     3 ||    53
    Use: Potion            |     1 |     1 |     5 |     5 |     2 ||    14
         Scroll            |       |     6 |     8 |    10 |     2 ||    26
   Stab: Sleeping          |     3 |    16 |     3 |     1 |       ||    23
         Distracted        |       |       |     1 |     1 |       ||     2
         Invisible         |       |       |       |     1 |     3 ||     4
 Armour: Leather armour    |    39 |   107 |   107 |       |       ||   253
         Troll leather arm |       |       |    49 |       |       ||    49
         Steam dragon scal |       |       |   162 |    69 |       ||   231
         Chain mail        |       |       |       |   185 |   118 ||   303
  Dodge: Dodged            |    44 |    99 |   327 |   180 |    65 ||   715
  Block: Kite shield       |       |       |   144 |   221 |    89 ||   454

Table legend: (Time is in decaauts)
 A = Elapsed time spent in this place.
 B = Non-inter-level travel time spent in this place.
 C = Inter-level travel time spent in this place.
 D = Time resting spent in this place.
 E = Time spent auto-exploring this place.
 F = Levels seen in this place.
 G = Mean time per level.
                   A        B        C        D        E       F      G
               +--------+--------+--------+--------+--------+-----+--------+
         Total |  15990 |  15439 |    551 |   3468 |   9045 |  14 | 1142.1 |
       Dungeon |  15762 |  15230 |    532 |   3468 |   8938 |  12 | 1313.5 |
        Temple |    106 |     87 |     19 |      0 |     33 |   1 |  106.0 |
         Sewer |    121 |    121 |      0 |      0 |     74 |   1 |  121.0 |
               +--------+--------+--------+--------+--------+-----+--------+

Top non-repeatable levels by time:
    D:11: 3449 daAuts
     D:7: 1555 daAuts
    D:10: 1343 daAuts
     D:2: 1247 daAuts
     D:8: 1195 daAuts
     D:4: 1141 daAuts
     D:6: 1104 daAuts
     D:1: 1059 daAuts
     D:3: 1029 daAuts
    D:12: 1008 daAuts
     D:5: 834 daAuts
     D:9: 793 daAuts
   Sewer: 121 daAuts
  Temple: 106 daAuts
